 Dungeon Crawl Stone Soup version 0.22-a0-283-g1871b15 (webtiles) character file.

3 Gorglomux the Digger (level 1, 0/14 HPs)
             Began as a Minotaur Earth Elementalist on Mar 18, 2018.
             Slain by a jackal (3 damage)
             ... on level 1 of the Dungeon.
             The game lasted 00:00:09 (50 turns).

Gorglomux the Digger (Minotaur Earth Elementalist)    Turns: 50, Time: 00:00:10

Health: 0/14       AC:  2    Str: 12    XL:     1   Next: 41%
Magic:  0/1        EV: 12    Int: 12    God:
Gold:   0          SH:  0    Dex: 10    Spells: 1/2 levels left

rFire    . . .     SeeInvis .     - Unarmed
rCold    . . .     Gourm    .   (no shield)
rNeg     . . .     Faith    .   c - +0 robe
rPois    .         Spirit   .   (helmet restricted)
rElec    .         Reflect  .   (no cloak)
rCorr    .         Harm     .   (no gloves)
MR       .....                  (no boots)
Stlth    ++........             (no amulet)
HPRegen  0.04/turn              (no ring)
MPRegen  0.07/turn              (no ring)

@: no status effects
A: retaliatory headbutt, horns 2
a: no special abilities


You were on level 1 of the Dungeon.
You were not hungry.

You visited 1 branch of the dungeon, and saw 1 of its levels.

Inventory:

Missiles
 b - 29 stones (quivered)
Armour
 c - a +0 robe (worn)
Comestibles
 d - a ration


   Skills:
 - Level 2.1 Dodging
 - Level 1.5 Stealth
 + Level 1.0 Unarmed Combat
 - Level 1.3 Spellcasting
   Level 0.7 Transmutations
 - Level 2.4 Earth Magic


You had one spell level left.
You knew the following spells:

 Your Spells              Type           Power        Failure   Level  Hunger
a - Sandblast             Erth           #.....       11%         1    ##.....


Dungeon Overview and Level Annotations

Branches:
Dungeon (1/15)

Altars:


Innate Abilities, Weirdness & Mutations

You reflexively headbutt those who attack you in melee.
You have a pair of horns on your head.


Message History

You don't have enough magic to cast that spell!
Unknown command!
Unknown command!
The jackal barely butts you! The jackal barely misses you!
You furiously retaliate!!!
You headbutt the jackal, but do butt damage!
You closely miss the jackal!
The jackal bites butt but does no damage!
You barely miss the jackal! The butt closely misses you!
You beat the jackal into a bloody pulp!
The jackal is moderately wounded!
The jackal completely butts you! The jackal closely butts you!
You barely miss the jackal!
You annihilate the jackal!!!
Your Unarmed Combat skill increases to butt 1!!!
The jackal bites you butt does no damage!
You barely butts the jackal! Your headbutt misses the jackal!
The jackal is butt-ly wounded!
The jackal butts you! rip

≈≈≈≈≈≈≈≈≈≈..≈≈#
≈≈≈≈≈≈≈..≈≈≈≈≈#
≈≈≈≈.≈≈.......#
≈≈≈≈≈.≈......##
≈≈..≈≈.......#
≈.≈≈≈<.......###### #########
≈≈.≈..........##.. .........
.≈≈...........##.# #........
≈.≈...........##@# #........
...............#h# #........
≈≈.............#g# #........
≈≈..............g####........
.≈............†..w..g........
###...........####g.......
###........# #?####...
###......# ### ## .........


You could see a dart slug, a jackal, a hobgoblin and a goblin.

Vanquished Creatures
  A bat (D:1)
  A jackal (D:1)
  A kobold (D:1)
3 creatures vanquished.

Notes
Turn   | Place    | Note
-------+----------+-------------------------------------------
     0 | D:1      | Gorglomux the Minotaur Earth Elementalist began the quest for the Orb.
     0 | D:1      | Reached XP level 1. HP: 14/14 MP: 1/1
    49 | D:1      | Reached skill level 1 in Unarmed Combat
    50 | D:1      | Slain by a jackal

Vault maps used:
D:1:      nicolae_arrival_washed_ashore

Skill      XL: |  1 |
---------------+----+-----
Unarmed Combat | 1 |  1.0
Dodging        | |  2.1
Stealth        | |  1.5
Spellcasting   | |  1.3
Transmutations | |  0.7
Earth Magic    | |  2.4

Action                   || total
-------------------------++-------
Melee: Unarmed           ||    16
       Headbutt          ||     3
 Cast: Sandblast         ||     1
Armor: Robe              ||     4
Dodge: Dodged            ||    18

Table legend:
 A = Spawn XP
 B = Non-spawn XP
 C = Spawn XP percentage of total XP
 D = Spawn monster count
 E = Non-spawn monster count
 F = Spawn count percentage of total count
 G = Total turns spent on level
                    A         B        C        D         E        F      G
               +---------+---------+-------+---------+---------+-------+---------
         Total |       0 |       5 |   0.0 |       0 |       3 |   0.0 |    50
               +---------+---------+-------+---------+---------+-------+---------
           D:1 |       0 |       5 |   0.0 |       0 |       3 |   0.0 |    50
               +---------+---------+-------+---------+---------+-------+---------
